AoeStats
← [Gaymerz] Darth Hajo

Arabia

511081187Analyzed
2v2 RM · 5h ago on Oct 3, 2026· 54m 12s· 4 players
Game mode
Random Map
Map size
Medium (4 player)
Population
200
Speed
Normal
Resources
Standard
Victory
Conquest
Starting age
Dark Age
Ending age
Imperial Age
RankedLock teamsTeams togetherTeam positionsShared explorationLock speedFull tech treeHidden civsTurbo modeCheats
Victory
Defeat
🇭🇰 Vikings · Hong Kong SAR China
1123
+16
🇭🇰 Franks · Hong Kong SAR China
1100
+17
🇩🇪 Huns · Germany
1138
-17
🇩🇪 Franks · Germany
1108
-16
marskit
9:22 Feudal Age
10:03 Double-Bit Axe
22:00 Castle Age
21:38 Fletching
21:40 Gold Mining
22:41 Bodkin Arrow
24:27 Bow Saw
24:42 Ballistics
36:21 Imperial Age
34:29 Scale Barding Armor
34:25 Padded Archer Armor
34:34 Scale Barding Armor
36:16 Forging
37:23 Cavalier
38:27 Husbandry
41:22 Iron Casting
41:16 Chain Barding Armor
42:38 Paladin
44:40 Plate Barding Armor
44:33 Conscription
46:09 Blast Furnace
47:34 Wheelbarrow
TOXIC18
6:48 Loom
9:58 Feudal Age
12:12 Fletching
15:26 Double-Bit Axe
24:30 Castle Age
24:35 Padded Archer Armor
24:34 Crossbowman
25:13 Bodkin Arrow
25:39 Bow Saw
27:35 Scale Mail Armor
37:41 Squires
37:28 Horse Collar
38:12 Ballistics
39:11 Heavy Plow
41:53 Imperial Age
40:32 Chain Mail Armor
40:29 Forging
40:24 Gold Mining
40:25 Stone Mining
40:16 Pikeman
41:58 Elite Varangian Guard
42:00 Arbalester
46:39 Two-Man Saw
46:52 Plate Mail Armor
46:58 Iron Casting
47:45 Chieftains
48:57 Arson
50:52 Blast Furnace
49:47 Capped Ram
51:25 Bogsveigar
51:46 Conscription
52:24 Elite Skirmisher
[Gaymerz] Darth Hajo
7:42 Loom
9:28 Feudal Age
10:54 Double-Bit Axe
23:14 Castle Age
21:37 Gold Mining
25:38 Husbandry
26:11 Bow Saw
26:39 Gold Shaft Mining
26:21 Scale Barding Armor
26:27 Forging
26:46 Fletching
30:22 Wheelbarrow
29:32 Town Watch
32:13 Chain Barding Armor
32:29 Iron Casting
35:39 Stone Mining
42:56 Imperial Age
42:58 Fletching
44:33 Plate Barding Armor
45:10 Blast Furnace
44:31 Cavalier
45:57 Paladin
49:26 Conscription
51:15 Hand Cart
51:00 Town Patrol
51:03 Caravan
[Gaymerz] olimey
7:25 Loom
9:47 Feudal Age
10:40 Double-Bit Axe
12:35 Town Watch
17:40 Town Watch
21:04 Horse Collar
23:32 Castle Age
21:42 Fletching
23:42 Padded Archer Armor
24:02 Elite Skirmisher
24:38 Bodkin Arrow
26:05 Leather Archer Armor
28:26 Town Watch
34:42 Husbandry
36:16 Wheelbarrow
37:51 Horse Collar
38:27 Bow Saw
41:53 Ballistics
45:36 Imperial Age
43:43 Heavy Plow
47:16 Chemistry
47:04 Parthian Tactics
47:13 Bracer
48:12 Forging
48:01 Gold Mining
49:05 Town Patrol
49:13 Capped Ram
50:16 Scale Barding Armor
52:21 Conscription
53:38 Hand Cart
Connection lost

Rejoining the realm…

Still unreachable

The connection could not be restored.

Session expired

The server has moved on; the page needs a fresh start.